AoeStats
← So sad

Nomad

508031170Analyzed
3v3 RM · 10d ago on Sep 20, 2026· 42m 5s· 6 players
Game mode
Random Map
Map size
210×210
Population
200
Speed
Normal
Resources
Standard
Victory
Conquest
Starting age
Dark Age
Ending age
Imperial Age
RankedLock teamsTeams togetherTeam positionsShared explorationLock speedFull tech treeHidden civsTurbo modeCheats
Victory
Defeat
🇺🇦 Wu · Ukraine
1389
+12
🇧🇾 Armenians · Belarus
1376
+13
🇧🇾 Koreans · Belarus
1368
+13
🇧🇪 Portuguese · Belgium
1337
-14
🇺🇸 Vikings · United States
1320
-13
🇵🇪 Spanish · Peru
1260
-11
Rett Mikhal
3:07 Loom
15:02 Feudal Age
15:34 Double-Bit Axe
20:41 Castle Age
18:45 Fletching
19:32 Padded Archer Armor
20:48 Crossbowman
24:45 Forging
24:36 Scale Mail Armor
31:00 Bow Saw
31:36 Town Watch
37:02 Gold Mining
37:32 Horse Collar
39:32 Stone Mining
40:28 Fishing Lines
41:15 Heavy Plow
41:57 Gillnets
42:55 Gold Shaft Mining
Chiki_Chiki_BANGBANG
12:33 Loom
14:50 Feudal Age
19:04 Castle Age
22:24 Wheelbarrow
30:43 Fletching
30:50 Elite Skirmisher
34:38 Imperial Age
33:26 Padded Archer Armor
33:56 Town Watch
34:34 Bodkin Arrow
38:24 Chemistry
37:52 Horse Collar
39:24 Leather Archer Armor
39:09 Bracer
Carlongas
4:17 Loom
15:06 Feudal Age
19:15 Castle Age
17:34 Gold Mining
18:50 Stone Mining
18:42 Horse Collar
18:50 Double-Bit Axe
20:13 Bow Saw
20:04 Heavy Plow
23:35 Padded Archer Armor
24:00 Fletching
25:05 Wheelbarrow
28:32 Leather Archer Armor
29:50 Husbandry
35:05 Imperial Age
33:21 Hand Cart
33:13 Scale Barding Armor
33:32 Bodkin Arrow
34:21 Stone Shaft Mining
34:53 Chain Barding Armor
34:46 Bloodlines
38:19 Imperial Age
37:50 Forging
39:39 Iron Casting
38:29 Cavalier
So sad
4:50 Loom
14:08 Feudal Age
14:53 Double-Bit Axe
17:33 Fishing Lines
21:07 Castle Age
19:14 Town Watch
20:36 Fletching
21:11 Light Cavalry
22:44 Medium Warships
29:21 Crossbowman
31:10 Wheelbarrow
31:22 Thumb Ring
32:28 Ballistics
32:49 Treadmill Crane
33:11 Bodkin Arrow
33:23 Scale Barding Armor
35:03 Hand Cart
35:23 Masonry
37:37 Husbandry
38:28 Stone Mining
38:29 Gold Mining
39:47 Murder Holes
43:47 Imperial Age
NiL
5:06 Loom
12:40 Feudal Age
13:24 Horse Collar
16:34 Castle Age
15:10 Fletching
17:10 Bodkin Arrow
18:57 Gold Mining
19:09 Padded Archer Armor
26:16 Stone Mining
30:15 Ballistics
32:06 Wheelbarrow
31:16 Town Watch
31:43 Town Watch
31:56 Horse Collar
34:26 Red Cliffs Tactics
40:28 Imperial Age
39:37 Hand Cart
40:33 Elite Fire Archer
42:24 Conscription
HURMA
4:33 Loom
14:18 Feudal Age
14:24 Man-at-Arms
15:19 Double-Bit Axe
15:54 Forging
15:46 Arson
16:02 Long Swordsman
18:34 Scale Mail Armor
18:54 Horse Collar
19:50 Fishing Lines
24:47 Castle Age
29:25 Castle Age
29:38 Gold Mining
29:41 Two-Handed Swordsman
31:24 Wheelbarrow
30:29 Champion
31:40 Chain Mail Armor
32:01 Iron Casting
31:31 Squires
31:17 Gambesons
32:00 Bow Saw
33:49 Gillnets
34:06 Fletching
36:25 Herbal Medicine
37:43 Gold Shaft Mining
40:42 Heavy Plow
42:12 Bodkin Arrow
Connection lost

Rejoining the realm…

Still unreachable

The connection could not be restored.

Session expired

The server has moved on; the page needs a fresh start.